 Dungeon Crawl Stone Soup version 0.29-a0-275-g389c0b56f3 (webtiles) character file.

Game seed: 6247417532826327057

179 Inarius the Chopper (level 5, 0/41 HPs)
             Began as a Human Fighter on Mar 12, 2022.
             Succumbed to a gnoll's poison
             ... on level 4 of the Dungeon.
             The game lasted 00:05:16 (3426 turns).

Inarius the Chopper (Human Fighter)                 Turns: 3426, Time: 00:05:17

Health: 0/41       AC: 12    Str: 24    XL:     5   Next: 90%
Magic:  5/5        EV:  6    Int:  8    God:
Gold:   154        SH:  5    Dex: 13    Spells: 4/4 levels left

rFire   . . .      SeeInvis .   a - +0 war axe
rCold   . . .      Faith    .   c - +0 buckler
rNeg    . . .      Spirit   .   k - +0 plate armour
rPois   .          Reflect  .   (no helmet)
rElec   .          Harm     .   o - +0 cloak
rCorr   .          Rampage  .   (no gloves)
Will    .....                   (no boots)
Stlth   ..........              (no amulet)
HPRegen 0.13/turn               m - +6 ring of strength
MPRegen 0.09/turn               (no ring)

@: lethally poisoned (0 -> -31)
A: no striking features
a: no special abilities


You were on level 4 of the Dungeon.
You visited 1 branch of the dungeon, and saw 4 of its levels.

You collected 154 gold pieces.

Inventory:

Hand Weapons
 a - a +0 war axe (weapon)
Armour
 c - a +0 buckler (worn)
 k - a +0 plate armour (worn)
 o - a +0 cloak (worn)
Jewellery
 j - a ring of ice
 m - a +6 ring of strength (left hand)
 n - a ring of flight
 v - a +4 ring of slaying
Wands
 f - a wand of flame (7)
Scrolls
 h - a scroll of summoning {unknown}
 i - 3 scrolls of vulnerability
 l - a scroll of holy word {unknown}
 q - a scroll of enchant armour {unknown}
 r - a scroll of blinking {unknown}
 t - a scroll of immolation {unknown}
 w - a scroll of brand weapon {unknown}
Potions
 b - a potion of lignification
 d - a potion of might
 e - a potion of heal wounds
 g - a potion of ambrosia {unknown}
 p - a potion of berserk rage {unknown}
 s - a potion of magic {unknown}
 u - a potion of flight {unknown}


   Skills:
 + Level 3.3 Fighting
 * Level 4.3 Axes
 + Level 3.8 Armour
 + Level 0.3 Dodging
 + Level 3.5 Shields
 + Level 0.1 Unarmed Combat


You had 4 spell levels left.
You didn't know any spells.
Your spell library contained the following spells:

 Spells                   Type           Power      Damage    Failure   Level
 Animate Skeleton         Necr           0%         N/A       100%        1
 Apportation              Tloc           0%         N/A       100%        1
 Sting                    Tmut/Pois      0%         1d3       100%        1
 Summon Small Mammal      Summ           0%         N/A       100%        1
 Corpse Rot               Necr/Air       0%         N/A       100%        2
 Poisonous Vapours        Pois/Air       0%         N/A       100%        2
 Olgreb's Toxic Radiance  Pois           0%         N/A       100%        4


Dungeon Overview and Level Annotations

Branches:
Dungeon (4/15)
 Temple: D:4-7

Altars:
Ashenzari

Shops:
D:2 ((([   D:4 (

Portals:
Abyss: D:3

Annotations:
D:3 2 transporters, BigAl's ghost, amateur GrEE


Message History

You kill the goblin!
No target in view!
You see here a +0 dagger.
The gnoll shouts!
There are monsters nearby!
There are monsters nearby!
You start waiting.
A gnoll is nearby!
The gnoll hits you but does no damage.
You are poisoned.
The gnoll closely misses you.
You slash the gnoll!
The gnoll is severely wounded.
You feel very sick.
The gnoll hits you with a +0 whip of venom.
You are more poisoned.
You block the gnoll's attack. The gnoll hits you but does no damage.
You are more poisoned.
The gnoll hits you but does no damage.
You are more poisoned.
You hit the gnoll.
The gnoll is almost dead.
You feel extremely sick.
The gnoll hits you with a +0 whip of venom.
You are lethally poisoned!
The gnoll hits you but does no damage.
You are more poisoned.
You slash the gnoll!
You kill the gnoll!
You feel extremely sick.
The gnoll hits you from afar with a +1 spear of venom.
* * * LOW HITPOINT WARNING * * *
You are more poisoned.
Unknown command.
You feel much better.
You feel extremely sick. The gnoll barely misses you.
* * * LOW HITPOINT WARNING * * *
You feel extremely sick.
You die...

# ###......#
#.....###........#
#.....##.........#
#.#.#.#..........#
#.....#..........#
#.....#..........#
#.#.#.#..........#
#.....#..........#
##.....#....@...### #
#....#...######g# #
##.######## ##.# ## #..#
#.g# .###.## ###..#######
.##..# ###..........##
....## ##...).........#
#..##
###..##.........g######
#..##
###..######..............


You could see a gnoll.

Vanquished Creatures
  An orc priest (D:3)
  Natasha (D:2)
  2 gnolls
  3 adders (D:4)
  A worm (D:3)
  2 dart slugs (D:1)
  4 orcs
  13 endoplasms
  2 giant cockroaches (D:1)
  7 goblins
  3 hobgoblins
  6 kobolds
  4 quokkas
  6 ball pythons
  3 bats (D:1)
  6 frilled lizards
  4 rats
68 creatures vanquished.

Vanquished Creatures (others)
  3 fungi (D:3)
  A plant (D:3)
4 creatures vanquished.

Grand Total: 72 creatures vanquished

Notes
Turn   | Place    | Note
-------+----------+-------------------------------------------
     0 | D:1      | Inarius the Human Fighter began the quest for the Orb.
     0 | D:1      | Reached XP level 1. HP: 18/18 MP: 1/1
   170 | D:1      | Reached XP level 2. HP: 22/24 MP: 2/2
   381 | D:1      | Reached XP level 3. HP: 29/29 MP: 3/3
   755 | D:2      | Found Syroi's Antique Weapon Boutique.
   940 | D:2      | Reached skill level 3 in Axes
   986 | D:2      | Found Pooh's Antique Weapon Shop.
  1004 | D:2      | Found Qinway's Armour Boutique.
  1060 | D:2      | Found Ojery's Weapon Shoppe.
  1253 | D:3      | Reached XP level 4. HP: 34/35 MP: 4/4
  1279 | D:3      | Found a one-way gate to the infinite horrors of the Abyss.
  1279 | D:3      | Noticed BigAl's ghost (amateur GrEE)
  1305 | D:3      | Noticed Natasha
  1843 | D:2      | Killed Natasha
  1910 | D:3      | Reached XP level 5. HP: 22/41 MP: 5/5
  2063 | D:3      | Reached skill level 4 in Axes
  2118 | D:3      | Noticed a kobold brigand
  2125 | D:3      | Found a transporter.
  2192 | D:3      | Found a transporter.
  2246 | D:3      | Found a faded altar of an unknown god.
  2416 | D:3      | Found a broken altar of Ashenzari.
  2519 | D:4      | Noticed an ogre
  2998 | D:4      | Found Araitor's Antique Weapon Shoppe.
  3426 | D:4      | Succumbed to a gnoll's poison

Illustrated notes

Levels and vault maps discovered:
D:1:      evilmike_arrival_fibonacci_small, layout_rooms,
          chequers_decorated_corner, serial_bayou_ford_a,
          chequers_serial_rivers_micro_c, minmay_pentomino_t4
D:2:      layout_basic, serial_shops, nicolae_square_shop,
          nicolae_shop_temple_entry_statues_fountains, shop,
          nicolae_shop_bloodbath_and_beyond, serial_bayou_pond_e
D:3:      layout_rooms, nicolae_overflow_crystal_walls,
          gammafunk_ghost_abyssal_escape, shapermc_ecumenical_altar_acropolis,
          uniq_natasha
D:4:      layout_cave_pods, mainiacjoe_overflow_six_doors_small, serial_shops,
          shop_statue, columned_hall_lemuel, minmay_shop_damaged,
          small_statue_intersection

Skill      XL: |  1  2  3  4  5 |
---------------+----------------+-----
Axes           | 3 4 |  4.3
Fighting       | |  3.3
Armour         | |  3.8
Dodging        | |  0.3
Shields        | |  3.5
Unarmed Combat | |  0.1

Action                   |  1- 3 |  4- 6 || total
-------------------------+-------+-------++-------
Melee: War axe           |    90 |    60 ||   150
       Unarmed           |       |     6 ||     6
  Use: Scroll            |       |     3 ||     3
       Potion            |       |     1 ||     1
Armor: Scale mail        |    19 |       ||    19
       Plate armour      |    23 |    23 ||    46
       Skin              |       |     2 ||     2
Dodge: Dodged            |    39 |    26 ||    65
Block: Buckler           |    23 |    13 ||    36

Table legend: (Time is in decaauts)
 A = Elapsed time spent in this place.
 B = Non-inter-level travel time spent in this place.
 C = Inter-level travel time spent in this place.
 D = Time resting spent in this place.
 E = Time spent auto-exploring this place.
 F = Levels seen in this place.
 G = Mean time per level.
                   A        B        C        D        E       F      G
               +--------+--------+--------+--------+--------+-----+--------+
         Total |   3522 |   3479 |     43 |   1213 |   1529 |   4 |  880.5 |
       Dungeon |   3522 |   3479 |     43 |   1213 |   1529 |   4 |  880.5 |
               +--------+--------+--------+--------+--------+-----+--------+

Top non-repeatable levels by time:
     D:2: 1234 daAuts
     D:3: 1004 daAuts
     D:1: 773 daAuts
     D:4: 509 daAuts
